 Dungeon Crawl Stone Soup version 0.22.1-1-ga44c0e5 (webtiles) character file.

161 harcile the Skirmisher (level 5, -1/47 HPs)
             Began as a Hill Orc Fighter on Oct 19, 2018.
             Killed by nerve-wracking pain
             ... invoked by Grinder
              (14 damage)
             ... on level 3 of the Dungeon.
             The game lasted 00:05:45 (2418 turns).

harcile the Skirmisher (Hill Orc Fighter)           Turns: 2418, Time: 00:05:46

Health: -1/47      AC:  7    Str: 20    XL:     5   Next: 42%
Magic:  5/5        EV:  7    Int:  8    God:
Gold:   77         SH:  9    Dex: 10    Spells: 4/4 levels left

rFire    . . .     SeeInvis .   a - +0 long sword
rCold    . . .     Gourm    .   c - +0 shield
rNeg     . . .     Faith    .   b - +0 scale mail
rPois    .         Spirit   .   (no helmet)
rElec    .         Reflect  .   (no cloak)
rCorr    .         Harm     .   (no gloves)
MR       .....                  (no boots)
Stlth    ..........             (no amulet)
HPRegen  0.15/turn              (no ring)
MPRegen  0.09/turn              (no ring)

@: no status effects
A: no striking features
a: no special abilities


You were on level 3 of the Dungeon.
You were not hungry.

You visited 1 branch of the dungeon, and saw 3 of its levels.

You collected 77 gold pieces.

Inventory:

Hand Weapons
 a - a +0 long sword (weapon)
 j - a +4 hunting sling
Armour
 b - a +0 scale mail (worn)
 c - a +0 shield (worn)
Scrolls
 e - 2 scrolls of magic mapping {unknown}
 h - a scroll of identify {unknown}
 k - a scroll of teleportation {unknown}
 m - a scroll of blinking {unknown}
 q - a scroll of remove curse {unknown}
Potions
 d - a potion of might
 g - a potion of ambrosia {unknown}
 i - a potion of degeneration {unknown}
 l - 2 potions of haste {unknown}
 n - a potion of heal wounds {unknown}
 p - a potion of brilliance {unknown}
 r - a potion of agility {unknown}
Comestibles
 f - 4 rations


   Skills:
 + Level 4.4 Fighting
 + Level 4.0 Long Blades
 + Level 4.0 Armour
 + Level 0.3 Dodging
 + Level 4.3 Shields


You had 4 spell levels left.
You didn't know any spells.
Your spell library was empty.

Dungeon Overview and Level Annotations

Branches:
Dungeon (3/15)

Altars:

Annotations:
D:3 Grinder


Message History

You hit Grinder.
Grinder is severely wounded.
Grinder hits you.
You writhe in agony.
Grinder hits you but does no damage.
You barely miss Grinder.
Grinder is severely wounded.
Grinder gestures at you. Pain shoots through your body!
* * * LOW HITPOINT WARNING * * *
You closely miss Grinder.
Grinder is severely wounded.
Grinder gestures at you. You resist with significant effort.
You slash Grinder!
Grinder is almost dead.
Grinder blinks!
You hit Grinder but do no damage.
Grinder is almost dead.
Grinder gestures at you. Pain shoots through your body!
You die...

######## .......# #######
.......# #.....#
...5...########.....######
........................>#
.......#####.........#####
..........##.......#.#...#
..........##....@5.#.###.#
#.....g............#.....#
#####.###.###.####.###...#
#####..##.# #.#......#.###
.......##.###.#......#.#####
.......##.....))<....#.....#
........#####.#......#####.#
.........................#.#
#..............#########.#.#


You could see Grinder.

Vanquished Creatures
  A bullfrog skeleton (D:3)
  3 gnolls
  4 adders
  4 worms
  A dart slug (D:3)
  A leopard gecko (D:1)
  2 ball pythons
  4 giant cockroaches
  6 goblins
  7 hobgoblins
  7 jackals (D:3)
  4 bats
  3 frilled lizards
  4 kobolds
  3 rats
54 creatures vanquished.

Notes
Turn   | Place    | Note
-------+----------+-------------------------------------------
     0 | D:1      | harcile the Hill Orc Fighter began the quest for the Orb.
     0 | D:1      | Reached XP level 1. HP: 19/19 MP: 1/1
   137 | D:1      | Reached XP level 2. HP: 27/27 MP: 2/2
   824 | D:2      | Reached XP level 3. HP: 30/33 MP: 3/3
  1185 | D:2      | Reached XP level 4. HP: 36/40 MP: 4/4
  1918 | D:3      | Reached XP level 5. HP: 26/47 MP: 5/5
  2110 | D:3      | Noticed Grinder
  2114 | D:3      | Paralysed by Grinder for 4 turns
  2373 | D:3      | Paralysed by Grinder for 4 turns
  2418 | D:3      | Killed from afar by Grinder

Skill      XL: |  1  2  3  4  5 |
---------------+----------------+-----
Fighting       | 4 |  4.4
Shields        | 4 |  4.3
Long Blades    | 3 4 |  4.0
Armour         | 4 |  4.0
Dodging        | |  0.3

Action                   |  1- 3 |  4- 6 || total
-------------------------+-------+-------++-------
Melee: Long sword        |    92 |   139 ||   231
  Eat: Chunk             |       |     5 ||     5
Armor: Scale mail        |    60 |    56 ||   116
Dodge: Dodged            |    30 |    46 ||    76
Block: Shield            |    52 |    86 ||   138
       Rpst.: Long sword |     7 |    19 ||    26
